 Dungeon Crawl Stone Soup version 0.30.0-29-ga12c61a403 (webtiles) character file.

Game seed: 541961216279873673

417 BONEBRO the Cleaver (level 6, -1/51 HPs)
             Began as a Hill Orc Berserker on June 11, 2023.
             Was a Believer of Trog.
             Slain by Eustachio
             ... wielding a +0 falchion
              (11 damage)
             ... on level 4 of the Dungeon.
             The game lasted 00:11:15 (3418 turns).

BONEBRO the Cleaver (Hill Orc Berserker)            Turns: 3418, Time: 00:11:15

Health: -1/51      AC:  3    Str: 22    XL:     6   Next: 93%
Magic:  6/6        EV: 11    Int:  7    God:    Trog [**....]
Gold:   174        SH:  0    Dex: 10    Spells: 5/5 levels left

rFire   . . .        y - +0 war axe
rCold   . . .        (no shield)
rNeg    . . .        b - +0 animal skin
rPois   .            f - +0 helmet
rElec   .            v - scarf {repulsion}
rCorr   .            (no gloves)
SInv    .            (no boots)
Will    ++...        o - amulet of the acrobat
Stlth   +            (no ring)
HPRegen 1.28/turn    (no ring)
MPRegen 0.10/turn

%: repel missiles, acrobat
@: strong-willed (expiring), on berserk cooldown, regenerating (expiring)
A: no striking features
a: Renounce Religion, Berserk, Trog's Hand


You were on level 4 of the Dungeon.
You worshipped Trog.
Trog was pleased with you.
You visited 1 branch of the dungeon, and saw 4 of its levels.

You collected 174 gold pieces.

Inventory:

Hand Weapons
 a - a +0 hand axe
 y - a +0 war axe (weapon)
Missiles
 u - 5 javelins (quivered)
Armour
 b - a +0 animal skin (worn)
 f - a +0 helmet (worn)
 i - a +0 ring mail
 k - a +0 scale mail
 p - a +0 cloak
 v - a scarf of repulsion (worn)
 z - a +0 buckler
Jewellery
 o - an amulet of the acrobat (around neck)
Wands
 A - a wand of mindburst (12)
Scrolls
 c - a scroll of amnesia {unknown}
 d - 3 scrolls of vulnerability {unknown}
 e - 5 scrolls of identify {unknown}
 g - a scroll of noise {unknown}
 n - a scroll of silence {unknown}
 q - 2 scrolls of immolation {unknown}
 t - 2 scrolls of enchant armour {unknown}
Potions
 h - 2 potions of brilliance {unknown}
 j - a potion of flight {unknown}
 l - 4 potions of degeneration {unknown}
 m - 4 potions of curing {unknown}
 r - 2 potions of haste {unknown}
 s - 2 potions of berserk rage {unknown}
 w - a potion of cancellation {unknown}
 x - a potion of magic {unknown}


   Skills:
 - Level 3.6 Fighting
 * Level 9.9 Axes
 - Level 2.1 Armour
 - Level 1.5 Dodging


You had 5 spell levels left.
You didn't know any spells.
Your spell library was empty.

Dungeon Overview and Level Annotations

Branches:
Dungeon (4/15)
 Temple: D:4-7

Altars:
Zin

Annotations:
D:4 Eustachio


Message History

You hit the river rat. The river rat bites you!
Eustachio brags, "I can call spirits from the vasty deep."
Eustachio hits you with a +0 falchion. x2
The river rat bites you but does no damage.
You slash Eustachio!
Eustachio is moderately wounded.
You barely miss the river rat. The river rat misses you.
Eustachio hits you with a +0 falchion!
* * * LOW HITPOINT WARNING * * *
You slash Eustachio!
Eustachio is heavily wounded.
You hit the river rat. The river rat barely misses you.
Eustachio hits you with a +0 falchion.
* * * LOW HITPOINT WARNING * * *
Eustachio hits you with a +0 falchion.
* * * LOW HITPOINT WARNING * * *
The river rat completely misses you.
Your skin crawls.
You feel strong-willed. The river rat barely misses you.
Eustachio closely misses you.
You hit Eustachio.
Eustachio is heavily wounded.
You hit the river rat.
An endoplasm comes into view.
The river rat bites you.
* * * LOW HITPOINT WARNING * * *
Eustachio casts a spell.
Eustachio barely misses you. The river rat barely misses you.
You hit Eustachio.
Eustachio is heavily wounded.
You slash the river rat!
You kill the river rat!
The river rat's corpse disappears in a puff of smoke!
Eustachio barely misses you.
You slash Eustachio!
Eustachio is almost dead.
You feel yourself speed up.
You feel the effects of Trog's Hand fading.
Eustachio barely misses you. Eustachio hits you with a +0 falchion!
You die...

#####'##......#......#......#....
###...##......#......#......#....
..#..)........##.....##.....####.
..#...##########.....############
..#...# .. #.................
####### ... #.................
.... #................. .....
#.................
......#@ยง...............
....Jr@.................
......##########...####. ......
#...# ..... #.b.... .....
#........ .!.. #........ ....
#........ #........


You could see Eustachio, a river rat (summoned) and an endoplasm.

Vanquished Creatures
  Sigmund (D:2)
  3 orc priests (D:3)
  An iguana (D:3)
  Jessica (D:3)
  4 adders
  3 dart slugs
  8 orcs
  4 ball pythons
  4 bats
  3 endoplasms
  A giant cockroach (D:3)
  4 goblins
  7 hobgoblins
  10 jackals
  5 kobolds
  2 quokkas (D:3)
  6 frilled lizards
  4 rats
71 creatures vanquished.

Notes
Turn   | Place    | Note
-------+----------+-------------------------------------------
     0 | D:1      | BONEBRO the Hill Orc Berserker began the quest for the Orb.
     0 | D:1      | Reached XP level 1. HP: 19/19 MP: 1/1
   348 | D:1      | Reached XP level 2. HP: 26/26 MP: 2/2
   577 | D:1      | Reached skill level 5 in Axes
   931 | D:2      | Reached XP level 3. HP: 27/31 MP: 3/3
  1147 | D:2      | Noticed Sigmund
  1159 | D:2      | Killed Sigmund
  1160 | D:2      | Reached skill level 8 in Axes
  1160 | D:2      | Reached XP level 4. HP: 39/39 MP: 4/4
  1160 | D:2      | Reached XP level 5. HP: 45/45 MP: 5/5
  1214 | D:2      | Found a glowing silver altar of Zin.
  1410 | D:2      | Reached ** piety under Trog
  1804 | D:3      | Reached XP level 6. HP: 19/51 MP: 6/6
  2169 | D:3      | Reached skill level 9 in Axes
  2453 | D:3      | Noticed Jessica
  2462 | D:3      | Killed Jessica
  3387 | D:4      | Noticed Eustachio
  3418 | D:4      | Slain by Eustachio

Illustrated notes

Levels and vault maps discovered:
D:1:      doesnt_arrival_eight_statues, layout_basic, due_unseen_surprise
D:2:      layout_loops_ring, basic_altar, dk_vineyard_2, minmay_split_cup_small,
          uniq_sigmund
D:3:      layout_basic, uniq_jessica
D:4:      layout_gridville, supply_closet_lemuel, uniq_eustachio

Skill      XL: |  1  2  3  4  5  6 |
---------------+-------------------+-----
Axes           | 5 8 9 |  9.9
Fighting       | |  3.6
Armour         | |  2.1
Dodging        | |  1.5

Action                     |  1- 3 |  4- 6 || total
---------------------------+-------+-------++-------
  Melee: Hand axe          |    82 |   105 ||   187
         War axe           |       |    25 ||    25
         Punch             |       |     3 ||     3
  Throw: Stone             |     4 |    19 ||    23
         Javelin           |       |     5 ||     5
 Invoke: Berserk           |     1 |     3 ||     4
         Trog's Hand       |       |     1 ||     1
   Stab: Sleeping          |       |     1 ||     1
 Armour: Animal skin       |    33 |    22 ||    55
  Dodge: Dodged            |    45 |   105 ||   150
         Repelled          |       |     1 ||     1
